AoeStats
← swoz

Arena

507094577Analyzed
1v1 RM · 16d ago on Sep 16, 2026· 23m 58s· 2 players
Game mode
Random Map
Map size
Tiny (2 player)
Population
200
Speed
Normal
Resources
Standard
Victory
Conquest
Starting age
Dark Age
Ending age
Imperial Age
RankedLock teamsTeams togetherTeam positionsShared explorationLock speedFull tech treeHidden civsTurbo modeCheats
Victory
Defeat
🇩🇪 Celts · Germany
725
+16
🇩🇪 Britons · Germany
719
-16
swoz
10:55 Feudal Age
15:29 Castle Age
13:33 Double-Bit Axe
14:00 Horse Collar
19:11 Bow Saw
19:38 Loom
20:28 Wheelbarrow
19:41 Town Watch
21:20 Gold Mining
23:18 Heavy Plow
REHBITSCH4
9:30 Feudal Age
10:57 Wheelbarrow
11:00 Double-Bit Axe
11:01 Horse Collar
18:22 Castle Age
16:04 Man-at-Arms
18:13 Gold Mining
Connection lost

Rejoining the realm…

Still unreachable

The connection could not be restored.

Session expired

The server has moved on; the page needs a fresh start.